 Dungeon Crawl Stone Soup version 0.30.1-9-gdf580d7c3d (webtiles) character file.

Game seed: 11450408370477847308

14463 Ivernyr the Basher (level 12, -1/100 HPs)
             Began as a Formicid Fighter on Sept 28, 2023.
             Was an Elder of Wu Jian.
             Slain by Rupert
             ... wielding a +1 executioner's axe of holy wrath
              (26 damage)
             ... on level 12 of the Dungeon.
             The game lasted 00:23:52 (10086 turns).

Ivernyr the Basher (Formicid Fighter)              Turns: 10086, Time: 00:23:54

Health: -1/100     AC: 31    Str: 33    XL:     12   Next: 45%
Magic:  12/12      EV: 11    Int: 11    God:    Wu Jian [****..]
Gold:   722        SH:  0    Dex: 13    Spells: 11/11 levels left

rFire   . . .        D - +0 giant spiked club (heavy)
rCold   . . .        (shield currently unavailable)
rNeg    . . .        b - +9 plate armour "Paivodd" {Int+4}
rPois   .            (helmet unavailable)
rElec   .            F - +0 cloak
rCorr   .            (no gloves)
SInv    +            k - +0 pair of boots
Will    +....        E - amulet of regeneration Stlth
                     u - +6 ring of strength
HPRegen 1.16/turn    G - +4 ring of protection
MPRegen 0.13/turn

%: no passive effects
@: studying Throwing
A: permanent stasis, dig shafts and tunnels, antennae 3, four strong arms
a: Dig, Shaft Self, Renounce Religion, Wall Jump, Serpent's Lash


You were on level 12 of the Dungeon.
You worshipped Wu Jian.
Wu Jian was greatly pleased with you.
You visited 1 branch of the dungeon, and saw 12 of its levels.

You collected 722 gold pieces.

Inventory:

Hand Weapons
 a - a +3 morningstar
 D - a +0 heavy giant spiked club (weapon)
Armour
 b - the +9 plate armour "Paivodd" (worn) {Int+4}
   (You found it on level 3 of the Dungeon)

   Int:       It affects your intelligence (+4).
 c - a +0 buckler
 k - a +0 pair of boots (worn)
 F - a +0 cloak (worn)
Jewellery
 g - an amulet of the acrobat
 u - a +6 ring of strength (left hand)
 E - an amulet of regeneration (around neck)
 G - a +4 ring of protection (right hand)
 H - a +6 ring of dexterity
Wands
 h - a wand of flame (34)
 I - a wand of paralysis (3)
 J - a wand of polymorph (6)
Scrolls
 e - 5 scrolls of fear
 f - a scroll of brand weapon
 i - a scroll of identify
 j - a scroll of amnesia
 l - 3 scrolls of magic mapping {unknown}
 q - 2 scrolls of fog {unknown}
 r - a scroll of vulnerability {unknown}
 v - 2 scrolls of blinking {unknown}
 w - 3 scrolls of enchant weapon {unknown}
 y - 2 scrolls of immolation {unknown}
 z - 2 scrolls of poison {unknown}
 C - 2 scrolls of enchant armour {unknown}
 K - a scroll of butterflies {unknown}
Potions
 d - 6 potions of might
 m - 2 potions of berserk rage {unknown}
 n - 2 potions of cancellation {unknown}
 o - 4 potions of mutation {unknown}
 p - 4 potions of heal wounds {unknown}
 s - 5 potions of curing {unknown}
 t - 3 potions of haste
 x - a potion of attraction {unknown}
 A - 5 potions of lignification {unknown}
 B - a potion of brilliance {unknown}


   Skills:
 + Level 11.2 Fighting
 * Level 12.1 Maces & Flails
 + Level 11.2 Armour
 + Level 6.1 Dodging
 - Level 4.0 Shields


You had 11 spell levels left.
You didn't know any spells.
Your spell library contained the following spells:

 Spells                   Type           Power      Damage    Failure   Level
 Kiss of Death            Conj/Necr      0%         2d5       90%         1
 Call Canine Familiar     Summ           0%         N/A       99%         3
 Confusing Touch          Hex            0%         N/A       99%         3
 Portal Projectile        Hex/Tloc       0%         N/A       99%         3
 Dispel Undead            Necr           0%         3d6       100%        4
 Leda's Liquefaction      Hex/Erth       0%         N/A       100%        4
 Manifold Assault         Tloc           0%         N/A       100%        4
 Storm Form               Tmut/Air       0%         N/A       100%        7
 Blink                    Tloc           Unusable   N/A       N/A         2

Dungeon Overview and Level Annotations

Branches:
Dungeon (12/15)            Temple (0/1) D:7
   Lair: D:8-11         Orc: D:9-12

Altars:
Elyvilon
Fedhas
Gozag
Kikubaaqudgha
Nemelex Xobeh
Okawaru
Ru
Wu Jian
Xom
Yredelemnul

Shops:
D:4 =

Annotations:
D:9 exclusion: ice statue
D:12 Rupert


Innate Abilities, Weirdness & Mutations

You cannot be hasted, slowed, berserked, paralysed or teleported.
You can dig through walls and to a lower floor.
You have a pair of large antennae on your head. (SInv)
Your four strong arms can wield two-handed weapons with a shield.


Message History

You kill the boulder beetle!
The Council accepts your kill. The boulder beetle closely misses you.
Your Maces & Flails skill increases to level 12!
Your Dodging skill increases to level 6!
You hammer the boulder beetle like a gong!!!!
You kill the boulder beetle!
The Council accepts your kill.
w - 3 scrolls labelled HASINA QIMOPONG (gained 1)
Found a stone staircase leading down.
There is a stone staircase leading down here.
Rupert the Wild comes into view.
He is wielding a +1 executioner's axe of holy wrath.
You lunge at Rupert.
You closely miss Rupert. Rupert barely misses you.
You hammer Rupert like a gong!!!
Rupert is heavily wounded.
Rupert hits you with a +1 executioner's axe of holy wrath.
Rupert hits you but does no damage.
You barely miss Rupert.
Rupert is heavily wounded.
Rupert hits you but does no damage.
You barely miss Rupert.
Rupert is heavily wounded.
Rupert roars madly and goes into a rage!
Rupert goes berserk!
Rupert barely misses you.
You impale Rupert!!
Rupert is severely wounded.
Rupert completely misses you.
Rupert hits you with a +1 executioner's axe of holy wrath!!
Rupert misses you.
You hit Rupert.
Rupert is heavily wounded.
Rupert hits you with a +1 executioner's axe of holy wrath!!
Rupert closely misses you.
You spit Rupert like a pig!!!
Rupert is almost dead.
Rupert closely misses you.
Rupert hits you with a +1 executioner's axe of holy wrath!!
* * * LOW HITPOINT WARNING * * *
Rupert hits you with a +1 executioner's axe of holy wrath!!
You die...

.
....##########
......@@.....#
....########.#
.
#.###########
#..>.........
######.###.##
#.# #.# #.#
#.# #.# #.#
##.# #.##


You could see Rupert (berserk).

Vanquished Creatures
  3 two-headed ogres
  2 boulder beetles (D:12)
  A manticore (D:11)
  A cyclops (D:6)
  Maurice (D:10)
  A gargoyle (D:12)
  An unseen horror (D:11)
  A kobold demonologist (D:11)
  A komodo dragon (D:6)
  2 trolls
  A shadow (D:10)
  A wraith (D:10)
  15 yaks
  A wyvern (D:9)
  2 humans (D:10)
  A basilisk (D:12)
  A steam dragon (D:8)
  2 wargs (D:8)
  2 water moccasins (D:7)
  3 acid dragons
  2 black bears
  2 orc warriors
  2 sky beasts
  An ogre (D:6)
  3 centaurs
  2 phantoms
  6 kobold brigands
  5 bullfrogs
  3 scorpions (D:6)
  A gnoll sergeant (D:11)
  13 wights
  17 killer bees
  13 howler monkeys
  3 electric eels (D:6)
  A gnoll bouda (D:5)
  6 hounds
  8 orc priests
  6 orc wizards
  6 iguanas
  A human simulacrum (D:10)
  A mummy (D:4)
  6 gnolls
  6 adders
  2 shadow imps (D:6)
  A worm (D:2)
  39 orcs
  12 ball pythons
  4 endoplasms
  3 giant cockroaches
  2 goblins
  10 hobgoblins
  2 jackals (D:1)
  30 kobolds
  7 quokkas
  5 bats
  A frilled lizard (D:1)
  2 hobgoblin zombies (D:4)
  A kobold zombie (D:4)
  An orc zombie (D:4)
  9 rats
288 creatures vanquished.

Vanquished Creatures (others)
  A killer bee (D:10)
  A human simulacrum (D:10)
  2 kobolds (D:9)
4 creatures vanquished.

Grand Total: 292 creatures vanquished

Notes
Turn   | Place    | Note
-------+----------+-------------------------------------------
     0 | D:1      | Ivernyr the Formicid Fighter began the quest for the Orb.
     0 | D:1      | Reached XP level 1. HP: 18/18 MP: 1/1
    91 | D:1      | Reached XP level 2. HP: 21/24 MP: 2/2
   836 | D:1      | Reached XP level 3. HP: 30/30 MP: 3/3
  1214 | D:2      | Reached XP level 4. HP: 37/37 MP: 4/4
  1476 | D:2      | Reached skill level 3 in Maces & Flails
  1492 | D:3      | Reached XP level 5. HP: 34/42 MP: 5/5
  1973 | D:3      | Identified the +9 plate armour "Paivodd" {Int+4}
  1984 | D:3      | Identified the +11 dagger of the Empty Page {drain, rF+}
  2429 | D:4      | Reached XP level 6. HP: 49/49 MP: 6/6
  2460 | D:4      | Reached skill level 5 in Fighting
  2462 | D:4      | Found a blossoming altar of Fedhas.
  2475 | D:4      | Found Ryqo's Jewellery Boutique.
  2548 | D:4      | Reached skill level 5 in Armour
  2560 | D:4      | Reached skill level 4 in Maces & Flails
  2759 | D:4      | Found a sparkling altar of Nemelex Xobeh.
  2825 | D:4      | Reached XP level 7. HP: 35/56 MP: 7/7
  3040 | D:4      | Found a basalt altar of Yredelemnul.
  3122 | D:5      | Entered Level 5 of the Dungeon
  3962 | D:5      | Found a white marble altar of Elyvilon.
  3973 | D:5      | Reached skill level 5 in Maces & Flails
  3973 | D:5      | Reached XP level 8. HP: 64/64 MP: 8/8
  3981 | D:5      | Found an ornate altar of the Wu Jian Council.
  4146 | D:5      | Became a worshipper of the Wu Jian Council
  4411 | D:6      | Noticed a komodo dragon
  4411 | D:6      | Noticed a cyclops
  4435 | D:6      | Killed a komodo dragon
  4436 | D:6      | Reached skill level 6 in Maces & Flails
  4741 | D:6      | Killed a cyclops
  4742 | D:6      | Reached XP level 9. HP: 46/72 MP: 9/9
  5150 | D:6      | Reached skill level 7 in Maces & Flails
  5364 | D:6      | Reached * piety under Wu Jian
  5769 | D:7      | Reached skill level 1 in Dodging
  5993 | D:7      | Reached XP level 10. HP: 70/82 MP: 10/10
  6137 | D:7      | Found a shimmering altar of Xom.
  6173 | D:7      | Reached skill level 8 in Maces & Flails
  6473 | D:7      | Found a staircase to the Ecumenical Temple.
  6952 | D:8      | Reached ** piety under Wu Jian
  7006 | D:7      | Reached skill level 9 in Maces & Flails
  7104 | D:8      | Found an opulent altar of Gozag.
  7128 | D:8      | Noticed a two-headed ogre
  7142 | D:8      | Killed a two-headed ogre
  7183 | D:8      | Found an ancient bone altar of Kikubaaqudgha.
  7183 | D:8      | Found a sacrificial altar of Ru.
  7185 | D:8      | You fall into a shaft and drop 1 floor!
  7223 | D:9      | Reached XP level 11. HP: 80/90 MP: 11/11
  7388 | D:9      | You fall into a shaft and drop 3 floors!
  7468 | D:11     | Reached skill level 10 in Maces & Flails
  7474 | D:11     | Noticed a two-headed ogre
  7477 | D:10     | Entered Level 10 of the Dungeon
  7706 | D:9      | Reached skill level 10 in Fighting
  7706 | D:9      | Reached skill level 10 in Armour
  8006 | D:9      | Reached *** piety under Wu Jian
  8295 | D:10     | Found an iron altar of Okawaru.
  8312 | D:10     | Noticed Maurice
  8364 | D:10     | Killed Maurice
  8435 | D:10     | Reached skill level 5 in Dodging
  8454 | D:10     | Reached skill level 11 in Maces & Flails
  8618 | D:10     | Reached **** piety under Wu Jian
  9188 | D:11     | Killed a two-headed ogre
  9225 | D:10     | Reached XP level 12. HP: 89/99 MP: 12/12
  9783 | D:12     | Noticed a two-headed ogre
  9788 | D:12     | Killed a two-headed ogre
 10012 | D:12     | Noticed a boulder beetle
 10012 | D:12     | Noticed a boulder beetle
 10017 | D:12     | Killed a boulder beetle
 10018 | D:12     | Reached skill level 12 in Maces & Flails
 10018 | D:12     | Killed a boulder beetle
 10076 | D:12     | Noticed Rupert
 10086 | D:12     | Slain by Rupert

Illustrated notes

Levels and vault maps discovered:
D:1:      dpeg_arrival_central, layout_basic, minmay_misc_feat_cross
D:2:      layout_rooms, grunt_ministairs_13, minmay_nonomino_d4
D:3:      layout_basic, minmay_misc_feat_tower
D:4:      layout_basic, mainiacjoe_overflow_chevrons, general_overflow_altar,
          nemelex_spade_bored_becter, serial_shops, shop, minmay_mini_ossuary
D:5:      layout_loops_ring, mainiacjoe_overflow_swirl
D:6:      cheibrodos_two_vegetables, layout_loops_ring, minmay_manual_mess
D:7:      layout_basic, mainiacjoe_overflow_alcove_2,
          minmay_temple_entry_nine_rooms
D:8:      layout_rooms, grunt_temple_overflow_open,
          nicolae_qazlal_style_of_elements, erik_lair_orcish_takeover
D:9:      lemuel_ice_statue, layout_long_grid
D:10:     layout_rooms, okawaru_humans, bh_circular_ruins, uniq_maurice
D:11:     layout_cave_pools
D:12:     layout_loops_ring, orc_0_dummy, uniq_rupert

Skill      XL: |  1  2  3  4  5  6  7  8  9 10 11 12 |
---------------+-------------------------------------+-----
Fighting       | 4 5 6 7 8 9 10 11 | 11.2
Armour         | 4 5 6 7 8 9 10 11 | 11.2
Maces & Flails | 3 4 5 6 7 9 11 12 | 12.1
Dodging        | 1 3 5 6 |  6.1
Shields        | |  4.0

Action                     |  1- 3 |  4- 6 |  7- 9 | 10-12 || total
---------------------------+-------+-------+-------+-------++-------
  Melee: Whip              |    86 |   212 |   210 |       ||   508
         Flail             |     3 |       |       |       ||     3
         Giant spiked club |       |       |    73 |   400 ||   473
         Morningstar       |       |       |    16 |       ||    16
Ability: Lunge             |       |       |    13 |    15 ||    28
         Whirlwind         |       |       |     5 |    19 ||    24
         Dig               |       |       |       |     1 ||     1
         Shaft Self        |       |       |       |     1 ||     1
    Use: Scroll            |       |       |     6 |     1 ||     7
 Armour: Scale mail        |    37 |    55 |       |       ||    92
         Plate armour      |       |    66 |   198 |   504 ||   768
  Dodge: Dodged            |    42 |    86 |   104 |   386 ||   618
  Block: Buckler           |    17 |    55 |    46 |       ||   118
